 Dungeon Crawl Stone Soup version 0.24.0-123-gd5b16e6ec5 (webtiles) character file.

Game seed: 2181337399589311886, levelgen mode: deterministic

60 AuftragZ the Conjurer (level 3, -15/19 HPs)
             Began as a Deep Elf Conjurer on Jan 24, 2020.
             Killed from afar by an adder (18 damage)
             ... with an exploding inner flame
             ... hexed by the player character
             ... on level 2 of the Dungeon.
             The game lasted 00:09:09 (1513 turns).

AuftragZ the Conjurer (Deep Elf Conjurer)           Turns: 1513, Time: 00:09:10

Health: -15/19     AC:  2    Str:  5    XL:     3   Next: 80%
Magic:  0/10       EV: 13    Int: 20    God:
Gold:   150        SH:  0    Dex: 15    Spells: 7/10 levels left

rFire    . . .     SeeInvis .   d - +0 mace
rCold    . . .     Gourm    .   (no shield)
rNeg     . . .     Faith    .   a - +0 robe
rPois    .         Spirit   .   (no helmet)
rElec    .         Reflect  .   (no cloak)
rCorr    .         Harm     .   (no gloves)
MR       .....                  (no boots)
Stlth    ++........             (no amulet)
HPRegen  0.06/turn              (no ring)
MPRegen  0.12/turn              (no ring)

@: lethally poisoned (-15 -> -22), very slightly contaminated
A: no striking features
a: no special abilities


You were on level 2 of the Dungeon.
You were not hungry.

You visited 1 branch of the dungeon, and saw 2 of its levels.

You collected 150 gold pieces.

Inventory:

Hand Weapons
 d - a +0 mace (weapon)
Armour
 a - a +0 robe (worn)
Scrolls
 b - a scroll of blinking
 e - a scroll of immolation
 h - a scroll of identify
Potions
 f - a potion of magic {unknown}
 g - 2 potions of flight {unknown}
Comestibles
 c - 3 rations
 k - a chunk of flesh


   Skills:
 - Level 2.4 Dodging
 - Level 2.5 Stealth
 * Level 4.0 Spellcasting
 + Level 5.5 Conjurations


You had 7 spell levels left.
You knew the following spells:

 Your Spells              Type           Power        Failure   Level  Hunger
a - Magic Dart            Conj           ####         1%          1    None
b - Searing Ray           Conj           ####..       1%          2    #......

Your spell library contained the following spells:

 Spells                   Type           Power        Failure   Level  Hunger
 Dazzling Spray           Conj/Hex       ###...       12%         3    ###....
 Iskenderun's Mystic Bla  Conj           ####....     13%         4    ####...
 Force Lance              Conj/Tloc      ###.....     38%         4    ####...
 Fulminant Prism          Conj/Hex       ###.......   38%         4    ####...


Dungeon Overview and Level Annotations

Branches:
Dungeon (2/15)

Altars:


Message History

You feel sick. The adder barely misses you.
* * * LOW HITPOINT WARNING * * *
You feel sick. The adder misses you. What are your orders? t - Shout!
Orders for allies: a - Attack new target. p - Attack previous target. r - Retreat! s - Stop attacking. g - Guard the area. f - Follow me.
Anything else - Cancel.
Okay, then.
Casting: Magic Dart (safe; 1% risk of failure)
Confirm with . or Enter, or press ? or * to list all spells.
Aiming: Magic Dart (safe; 1% risk of failure)
Press: ? - help, Shift-Dir - straight line, f/p - adder
Aim: an adder (almost dead, inner flame)
The magic dart hits the adder.
The adder explodes!
The fiery explosion engulfs you!!
Ouch! That really hurt!
You die...

#>##.##...#.......######.....
#.##.....(......#............
#.###############.######.....
###.###############.######.....
#>..........)..................
#.#.###############.###########
#...# #.########
#.#################...(....#
#....†....)...@§§.....)(...+
###################....(...####
##........##.g #.....)(..##.#
#......((.##.# #....###)###.#
#)...# #.....# #....# #...###
#....##...((.


There were no monsters in sight!

Vanquished Creatures
  Robin (D:2)
  An adder (D:2)
  A worm (D:2)
  A leopard gecko (D:1)
  3 giant cockroaches (D:1)
  9 goblins
  8 hobgoblins
  2 kobolds (D:2)
  2 bats (D:1)
  3 frilled lizards
  4 rats
35 creatures vanquished.

Notes
Turn   | Place    | Note
-------+----------+-------------------------------------------
     0 | D:1      | AuftragZ the Deep Elf Conjurer began the quest for the Orb.
     0 | D:1      | Reached XP level 1. HP: 10/10 MP: 6/6
   405 | D:1      | Reached XP level 2. HP: 15/15 MP: 5/8
   410 | D:1      | Learned a level 2 spell: Searing Ray
   943 | D:2      | Reached skill level 5 in Conjurations
  1138 | D:2      | Reached XP level 3. HP: 19/19 MP: 2/10
  1342 | D:2      | Noticed Robin
  1366 | D:2      | Killed Robin
  1513 | D:2      | Killed from afar by an adder

Levels and vault maps discovered:
D:1:      tarquinn_simple_flora_water_e, layout_loops_ring
D:2:      minmay_evil_eye, layout_basic, nicolae_overflow_crystal_walls,
          first_ration, uniq_robin

Skill      XL: |  1  2  3 |
---------------+----------+-----
Conjurations   | 5 |  5.5
Spellcasting   | 4 |  4.0
Dodging        | |  2.4
Stealth        | |  2.5

Action                   || total
-------------------------++-------
Melee: Mace              ||    12
Throw: Dart              ||    16
 Cast: Magic Dart        ||    60
       Searing Ray       ||     4
  Use: Potion            ||     7
       Scroll            ||     4
  Eat: Chunk             ||     2
Armor: Robe              ||     7
Dodge: Dodged            ||    35
